Map: [ESL] Babylon

Players

Mixu

  • Race: Zerg Zerg
  • League: Grandmaster
  • Spawn Location: 11:00

Spirit (souL) - Winner!

  • Race: Terran Terran
  • League: Master
  • Spawn Location: 5:00

Event: HomeStory Cup XXIII

VOD

Have the link to the VOD?

Description

Time

  • Played on: July 1, 2023, 2:37 p.m.
  • Length: 9:21

All games in this series

Show
View Real Time Build Order
Export as new Build Order

Mixu Zerg 

Build Orders: Hatch First 

Get SALT Encoding   

  12  0:00  Drone  
  13  0:12  Overlord  
  13  0:16  Drone  
  14  0:30  Drone x2  
  16  0:48  Hatchery  
  15  0:52  Drone  
  15  0:55  Drone  
  17  0:59  Drone  
  18  1:10  Extractor  
  17  1:14  Spawning Pool  
  17  1:17  Drone  
  17  1:20  Drone  
  18  1:28  Drone  
  19  1:39  Drone  
  20  1:49  Overlord  
  20  2:00  Queen x2  
  24  2:02  Zergling x4  
  26  2:12  Drone x2  
  28  2:21  Drone  
  29  2:24  Drone  
  29  2:29  Extractor  
  29  2:33  Drone  
  29  2:34  Drone  
  31  2:41  Queen  
  31  2:43  Overlord  
  33  2:44  Drone  
  33  2:50  Extractor  
  34  2:53  Drone  
  34  3:01  Roach Warren  
  34  3:05  Extractor  
  34  3:06  Hatchery  
  34  3:11  Drone x2  
  34  3:14  Drone  
  34  3:18  Drone  
  37  3:20  Drone  
  37  3:21  Drone  
  37  3:26  Overlord  
  39  3:31  Overlord  
  39  3:41  Roach  
  41  3:43  Roach  
  41  3:48  Roach x2  
  46  3:53  Roach  
  45  3:56  Roach  
  45  3:59  Roach  
  49  4:04  Roach  
  49  4:10  Roach  
  49  4:13  Drone  
  49  4:15  Ravager  
  49  4:16  Ravager  
  54  4:18  Drone  
  54  4:21  Drone  
  56  4:25  Drone x2  
  56  4:28  Drone x2  
  60  4:33  Overlord  
  60  4:38  Drone x2  
  60  4:51  Drone x3  
  60  4:53  Drone  
  60  4:57  Drone  
  62  5:00  Drone x4  
  62  5:05  Drone x2  
  68  5:10  Drone  
  68  5:14  Ravager x2  
  71  5:15  Overlord  
  71  5:16  Drone  
  71  5:21  Spore Crawler  
  71  5:30  Drone  
  71  5:31  Drone  
  71  5:34  Drone  
  74  5:35  Drone x5  
  74  5:36  Drone x2  
  78  5:44  Drone x3  
  78  5:46  Drone  
  78  5:47  Drone, Lair  
  78  5:49  Drone x2  
  82  5:52  Extractor, Spore Crawler  
  82  5:53  Extractor  
  82  5:54  Drone  
  82  5:56  Drone x2  
  82  6:00  Extractor  
  82  6:01  Drone x2, Spore Crawler  
  78  6:04  Drone x2  
  77  6:15  Drone x4  
  80  6:22  Overlord  
  80  6:23  Drone x4  
  80  6:29  Hatchery  
  80  6:32  Evolution Chamber  
  78  6:34  Drone  
  78  6:35  Overlord  
  78  6:38  Spore Crawler  
  78  6:43  Queen  
  78  6:44  Drone  
  80  6:47  Drone x2  
  80  6:52  Overlord, Drone x3  
  80  6:53  Drone  
  86  6:55  Glial Reconstitution  
  86  6:56  Evolution Chamber  
  86  6:59  Extractor, Drone  
  86  7:01  Overseer  
  85  7:03  Roach x3  
  85  7:06  Roach  
  91  7:08  Zerg Ground Armor Level 1  
  91  7:10  Roach  
  87  7:17  Overlord  
  87  7:18  Roach x2  
  87  7:22  Drone x4  
  91  7:25  Extractor  
  90  7:32  Roach x4  
  90  7:36  Spore Crawler  
  99  7:40  Roach  
  99  7:41  Roach x3  
  99  7:42  Overlord  
  107  7:44  Roach x3  
  107  7:48  Roach  
  115  7:53  Overlord x3  
  115  7:59  Overlord  
  113  8:06  Ravager  
  113  8:10  Ravager x2  
  113  8:12  Drone x2  
  114  8:13  Extractor, Drone x3  
  114  8:14  Extractor  
  114  8:16  Roach x4  
  114  8:18  Roach  
  123  8:22  Roach  
  123  8:25  Hatchery  
  123  8:26  Roach x2  
  128  8:28  Queen  
  128  8:32  Roach, Spore Crawler  
  131  8:35  Ravager  
  131  8:39  Roach x2  
  136  8:42  Roach  
  138  8:53  Overlord x3  
Show
View Real Time Build Order
Export as new Build Order

Spirit Terran - Winner!

Build Orders: Gas First Reaper Expand, Hellion Banshee 

Get SALT Encoding   

  12  0:00  SCV  
  13  0:12  SCV  
  14  0:17  Supply Depot  
  14  0:24  SCV  
  14  0:27  Refinery  
  15  0:38  SCV  
  16  0:44  Barracks  
  16  0:50  SCV  
  17  1:03  SCV  
  18  1:15  SCV  
  19  1:31  Orbital Command, Reaper  
  20  1:44  Command Center  
  20  1:54  Factory  
  20  1:59  SCV  
  21  2:05  Barracks Reactor  
  21  2:09  Supply Depot  
  21  2:14  SCV  
  22  2:18  Refinery  
  22  2:26  SCV  
  23  2:38  SCV  
  23  2:42  Starport  
  24  2:49  Hellion  
  24  2:50  SCV  
  27  2:55  Hellion  
  29  3:01  Barracks Tech Lab  
  29  3:02  SCV  
  29  3:04  Orbital Command  
  30  3:14  SCV  
  30  3:17  Hellion  
  30  3:19  Hellion  
  35  3:26  SCV  
  36  3:27  Cloaking Field  
  36  3:31  SCV  
  37  3:36  Banshee  
  40  3:44  SCV  
  40  3:48  Hellion  
  42  3:53  SCV  
  42  3:55  Hellion  
  43  3:56  SCV  
  43  3:59  Barracks Tech Lab  
  42  4:03  Supply Depot  
  42  4:05  SCV  
  42  4:08  SCV  
  42  4:09  Hellion  
  44  4:12  Bunker  
  42  4:18  Banshee  
  42  4:19  SCV, Supply Depot  
  46  4:24  Marine  
  46  4:25  SCV  
  46  4:27  Stimpack, Supply Depot  
  48  4:33  Hellion  
  48  4:34  Hellion, SCV  
  53  4:41  SCV  
  54  4:56  SCV  
  53  5:02  Supply Depot  
  53  5:03  Command Center  
  53  5:05  SCV  
  54  5:07  Marine  
  54  5:08  SCV, Supply Depot  
  54  5:15  Starport Reactor  
  54  5:17  Barracks, SCV  
  54  5:20  Siege Tank  
  58  5:21  Barracks, SCV  
  58  5:25  Marine  
  60  5:29  SCV  
  60  5:33  Engineering Bay  
  60  5:34  Engineering Bay, Refinery, SCV  
  60  5:35  Refinery  
  62  5:41  SCV  
  63  5:46  SCV  
  62  5:53  SCV  
  62  5:54  Barracks  
  62  5:56  Barracks  
  63  5:57  Siege Tank  
  63  5:58  SCV  
  67  6:07  SCV  
  67  6:08  Marine  
  67  6:09  Starport Reactor  
  65  6:13  Marine, Combat Shield  
  65  6:15  Terran Infantry Weapons Level 1, Terran Infantry Armor Level 1  
  65  6:17  Orbital Command  
  66  6:19  SCV  
  67  6:26  Marine x4  
  67  6:31  SCV, Marine  
  73  6:34  Siege Tank  
  75  6:40  SCV  
  75  6:41  Orbital Command  
  75  6:43  SCV, Marine  
  75  6:44  Marine x3  
  82  6:49  Marine  
  82  6:52  SCV, Medivac x2, Barracks Reactor  
  82  6:53  Barracks Reactor  
  87  6:55  SCV  
  87  6:59  Supply Depot  
  87  7:00  Supply Depot  
  88  7:01  Marine x2  
  88  7:02  Marine x2  
  88  7:05  SCV  
  93  7:20  Marine x5, SCV  
  93  7:22  Medivac x2  
  103  7:23  SCV x2  
  103  7:26  Supply Depot  
  103  7:27  Supply Depot  
  105  7:30  Siege Tank  
  105  7:33  SCV  
  105  7:35  SCV  
  110  7:38  SCV, Marine x2  
  110  7:41  Supply Depot  
  110  7:43  Supply Depot  
  113  7:44  Marine  
  113  7:50  Marine x3  
  113  7:51  Marine  
  119  7:56  SCV, Marauder, Armory  
  119  7:57  SCV x2  
  123  7:58  Marine  
  122  8:06  Marine  
  122  8:08  SCV  
  122  8:09  Marine  
  122  8:10  Siege Tank  
  122  8:11  Medivac x2  
  122  8:12  Marine x3  
  135  8:13  SCV  
  135  8:17  Marine  
  135  8:18  Marauder  
  140  8:21  Refinery  
  140  8:24  Marine  
  140  8:25  Missile Turret  
  140  8:30  Marine x6  
  146  8:35  Marine  
  146  8:39  Marauder  
  149  8:42  Siege Tank  
  149  8:43  Command Center  
  152  8:50  Refinery  
  152  8:54  Supply Depot x4  
  152  8:55  Marine  
  153  8:56  Marine  
  153  9:00  Marine  
  153  9:01  Marine  
Tags
 
Add a new tag
Caveats
  • Supply blocks, unpowered buildings, or Contaminate may cause inaccurate times.
  • Supply counts are checked every 10 seconds.